 Dungeon Crawl Stone Soup version 0.26.1-11-gd32895ea62 (webtiles) character file.

Game seed: 2022423552255615372

32 Descartes the Sneak (level 3, 0/15 HPs)
             Began as a Felid Transmuter on July 6, 2021.
             Slain by Natasha (5 damage)
             ... on level 2 of the Dungeon.
             The game lasted 00:02:42 (1888 turns).

Descartes the Sneak (Felid Transmuter)              Turns: 1888, Time: 00:02:43

Health: 0/15       AC:  1    Str:  7    XL:     3   Next: 10%
Magic:  7/7        EV: 18    Int: 14    God:
Gold:   104        SH:  0    Dex: 16    Spells: 5/6 levels left
                                        Lives:  0   Deaths: 0

rFire    . . .     SeeInvis +     - Unarmed
rCold    . . .     Faith    .   (shield unavailable)
rNeg     . . .     Spirit   .   (armour unavailable)
rPois    .         Reflect  .   (helmet unavailable)
rElec    .         Harm     .   (cloak unavailable)
rCorr    .         Rampage  .   (gloves unavailable)
Will     .....                  (boots unavailable)
Stlth    +++.......             (no amulet)
HPRegen  0.05/turn              (no ring)
MPRegen  0.10/turn              (no ring)

@: appendages (expiring), quick
A: very small, no armour, no weapons or thrown items, stealth, claws 1, fangs 3,
horns 2, see invisible, speed 1, shaggy fur 1, sharp paws
a: End Transformation


You were on level 2 of the Dungeon.
You had grown temporary horns.
You visited 1 branch of the dungeon, and saw 2 of its levels.

You collected 104 gold pieces.

Inventory:

Scrolls
 a - 2 scrolls of enchant armour {unknown}
 b - 3 scrolls of identify {unknown}
 c - a scroll of fear {unknown}
 d - 2 scrolls of enchant weapon {unknown}
 e - a scroll of noise {unknown}
 h - a scroll of teleportation {unknown}
Potions
 f - a potion of berserk rage {unknown}
 g - 2 potions of brilliance {unknown}
 i - 2 potions of heal wounds {unknown}
 j - a potion of degeneration {unknown}


   Skills:
 - Level 1.0 Fighting
 - Level 2.6 Dodging
 + Level 4.2 Stealth
 - Level 3.0 Unarmed Combat
 - Level 2.0 Spellcasting
 - Level 2.1 Transmutations


You had 5 spell levels left.
You knew the following spells:

 Your Spells              Type           Power        Failure   Level
a - Beastly Appendage     Tmut           14%          10%         1

Your spell library contained the following spells:

 Spells                   Type           Power        Failure   Level
 Wereblood                Tmut           7%           14%         2
 Spider Form              Tmut/Pois      2%           41%         3
 Ice Form                 Ice/Tmut       4%           83%         4
 Blade Hands              Tmut           3%           95%         5


Dungeon Overview and Level Annotations

Branches:
Dungeon (2/15)

Altars:
Kikubaaqudgha

Annotations:
D:2 1 runed translucent door, Crazy Yiuf, Natasha


Innate Abilities, Weirdness & Mutations

You cannot wear armour.
You are incapable of wielding weapons or throwing items.
Your paws allow you to move quietly. (Stealth)
You have sharp claws.
You have razor-sharp teeth.
You have supernaturally acute eyesight. (SInv)
You cover ground quickly.
You are covered in fur. (AC +1)
Your sharp claws are effective at attacking unaware monsters.
You have a pair of horns on your head.


Message History

The crimson imp blinks!
Natasha casts a spell.
You closely miss Natasha. Your headbutt misses Natasha.
Your transformation is almost over.
Natasha stares at you and mumbles some strange words.
The magic dart hits you. The shadow imp misses you.
You scratch Natasha.
Natasha is moderately wounded.
The crimson imp sputters.
Natasha misses you. The shadow imp hits you.
You are too injured to fight recklessly!
You are too injured to fight recklessly!
Unknown command.
You closely miss Natasha. Your bite misses Natasha.
Natasha is moderately wounded.
Natasha closely misses you.
You scratch Natasha.
Natasha is heavily wounded.
Natasha claws you.
You die...

##### .... ..# #+##
..# # ##...## ≈.#.#
##.# ##.....## .
≈.#.# .....
##.......#..
≈.#.####
#...5####..........#
........
#55@.'...........
..#.##
##h###..........#
#.#.# ## ##.......#
#.#.# ##......##
....# ♣P.♣♣..##
#.### ♣♣≈P♣+## #.#
♣P.≈♣ ..# ♣♣≈♣♣ ###
♣ ♣≈)♣♣♣ ♣♣#


You could see Natasha, a crimson imp (summoned), a white imp (summoned) and a
shadow imp (summoned).

Vanquished Creatures
  A leopard gecko (D:1)
  A ball python (D:1)
  2 bat zombies (D:2)
  A giant cockroach (D:1)
  A hobgoblin (D:1)
  5 kobolds
  9 bats
  4 frilled lizards
  2 goblins
  4 rats
  3 rat zombies (D:2)
33 creatures vanquished.

Notes
Turn   | Place    | Note
-------+----------+-------------------------------------------
     0 | D:1      | Descartes the Felid Transmuter began the quest for the Orb.
     0 | D:1      | Reached XP level 1. HP: 9/9 MP: 4/4
   131 | D:1      | Reached skill level 1 in Stealth
   258 | D:1      | Reached skill level 2 in Stealth
   306 | D:1      | Reached XP level 2. HP: 12/12 MP: 4/6
   418 | D:1      | Reached skill level 3 in Stealth
  1082 | D:2      | Found an ancient bone altar of Kikubaaqudgha.
  1343 | D:2      | Reached skill level 4 in Stealth
  1399 | D:2      | Reached XP level 3. HP: 15/15 MP: 5/7
  1465 | D:2      | Found a runed translucent door.
  1466 | D:2      | Noticed Crazy Yiuf
  1877 | D:2      | Noticed Natasha
  1888 | D:2      | Slain by Natasha

Illustrated notes

Levels and vault maps discovered:
D:1:      psy_arrival_conway, layout_loops_ring, columned_hall_lemuel
D:2:      layout_loops_corners, lemuel_zombie_altar_kikubaaqudgha,
          lemuel_crystal_altar, chequers_ecumenical_altar_lobes,
          corexii_item_surrounded_by_moat, serial_bayou_crossing,
          uniq_crazy_yiuf_cottage, uniq_natasha

Skill      XL: |  1  2 |
---------------+-------+-----
Stealth        | 2 4 |  4.2
Fighting       | |  1.0
Dodging        | |  2.6
Unarmed Combat | |  3.0
Spellcasting   | |  2.0
Transmutations | |  2.1

Action                   || total
-------------------------++-------
Melee: Unarmed           ||    94
       Headbutt          ||    13
       Bite              ||     7
       Punch             ||     1
 Cast: Beastly Appendage ||    23
 Stab: Sleeping          ||     5
Armor: Skin              ||    11
Dodge: Dodged            ||   103
